 Dungeon Sprint DCSS version 0.26-a0-1191-ge2a0e31ab3 (webtiles) character file.

Game seed: 13612242263076565392

707 reriks the Protected (level 7, 44/44 HPs)
             Began as a Gargoyle Berserker on Dec 28, 2020.
             Was a Priest of Trog.
             Quit the game in the Dungeon (Sprint II: "The Violet Keep of Menkaure").
             The game lasted 00:01:53 (445 turns).

reriks the Protected (Gargoyle Berserker)            Turns: 445, Time: 00:01:53

Health: 44/44      AC:  6    Str: 22    XL:     7   Next: 67%
Magic:  7/7        EV: 12    Int: 10    God:    Trog [***...]
Gold:   220        SH:  0    Dex:  9    Spells: 6/6 levels left

rFire    . . .     SeeInvis +   a - +0 mace
rCold    . . .     Faith    .   (no shield)
rNeg     + . .     Spirit   .   b - +0 animal skin
rPois    ∞         Reflect  .   (no helmet)
rElec    +         Harm     .   j - -3 cloak of the Exiled Invaders {Int+2 SInv} (curse)
rCorr    .         Rampage  .   (no gloves)
Will     .....     NoTele   +   (no boots)
Stlth    +.........             (no amulet)
HPRegen  0.14/turn              (no ring)
MPRegen  0.10/turn              (no ring)

@: no status effects
A: negative energy resistance 1, electricity resistance, unbreathing,
petrification resistance, miasma immunity, AC +4
a: Renounce Religion, Berserk, Trog's Hand


You were in the Dungeon.
You worshipped Trog.
Trog was most pleased with you.
You visited 1 branch You collected 486 gold pieces.
You spent 266 gold pieces at shops.

Inventory:

Hand Weapons
 a - a +0 mace (weapon)
Armour
 b - a +0 animal skin (worn)
 j - the cursed -3 cloak of the Exiled Invaders (worn) {Int+2 SInv}
   (You bought it in a shop in the Dungeon)

   It affects your intelligence (+2).
   It lets you see invisible.
   It has a curse placed upon it.
Scrolls
 h - a scroll of blinking
Potions
 c - a potion of curing
 d - a potion of heal wounds
 e - a potion of haste
 f - 2 potions of magic
 g - a potion of berserk rage
 i - a potion of degeneration {unknown}


   Skills:
 + Level 4.6 Fighting
 + Level 11.3 Maces & Flails
 + Level 12.0 Armour
 + Level 2.9 Dodging


You had 6 spell levels left.
You didn't know any spells.
Your spell library was empty.

Dungeon Overview and Level Annotations

Branches:
Dungeon (1/1)

Altars:

Shops:
D =[:[:(?**!=}!(}

Annotations:
D exclusion: oklob plant


Innate Abilities, Weirdness & Mutations

You are resistant to torment.
Your stone body is resilient. (AC +4)
You are immune to poison.
You resist negative energy. (rN+)
You are resistant to electric shocks. (rElec)
You can survive without breathing.
You are immune to petrification.
You are immune to miasma.


Message History

Found a mace.
There is an entrance to Nidajodgh's Distillery here.
There is an entrance to Epaxic's Gadget Shop here.
There is an entrance to Rousys's Gadget Boutique here.
The fire dragon roars deafeningly!
There is an entrance to Ficas's Distillery here.
There is an entrance to Boxtan's General Store here.
Found a thick sapphire amulet.
There is an entrance to Sergh's Assorted Antiques here.
There is an entrance to Fedeffy's Weapon Shop here.
There is an entrance to Fevimanolo's Antique Armour Shop here.
j - an encrusted cloak Thank you for shopping at Fevimanolo's Antique Armour Shop!
There is an entrance to Uhil's Antique Armour Shop here.
You start putting on your armour.
You continue putting on your encrusted cloak. x4
You finish putting on the cursed -3 cloak of the Exiled Invaders {Int+2 SInv}.
You feel clever.
Oops, that feels deathly cold.
Are you sure you want to abandon this character and quit the game? (Confirm with "yes".)

## ≈##
############≈≈#+++
###########≈≈≈...
##∩.......#≈≈≈≈.##+#
##.@.....∩#≈≈≈≈##...
##∩.∩...∩.#≈≈≈≈#..#.
##...∩.∩.∩#≈≈####.#.
##..∩.∩.∩.#≈##†###÷#
##...∩.∩..#†##..##.#
##....⌠...'≈'.##+.<.
##........#≈##..##.#
#▓▓▓▓▓▓▓###≈##.###+#
##ZDZ######≈≈###


There were no monsters in sight!

Vanquished Creatures
  A blink frog (D)
  A water moccasin (D)
  4 necrophages (D)
  4 worker ants (D)
10 creatures vanquished.

Vanquished Creatures (others)
  Menkaure (D)
  A water moccasin (D)
2 creatures vanquished.

Grand Total: 12 creatures vanquished

Notes
Turn   | Place    | Note
-------+----------+-------------------------------------------
     0 | D        | reriks the Gargoyle Berserker began the quest for the Orb.
     0 | D        | Reached XP level 1. HP: 14/14 MP: 1/1
     1 | D        | Noticed a necrophage
     1 | D        | Noticed a necrophage
     1 | D        | Noticed a necrophage
     1 | D        | Noticed a necrophage
     7 | D        | Killed a necrophage
     8 | D        | Reached skill level 6 in Armour
     8 | D        | Reached XP level 2. HP: 19/19 MP: 2/2
     8 | D        | Reached XP level 3. HP: 23/23 MP: 3/3
     8 | D        | Reached XP level 4. HP: 28/28 MP: 4/4
    12 | D        | Killed a necrophage
    13 | D        | Reached skill level 8 in Armour
    13 | D        | Reached XP level 5. HP: 32/32 MP: 5/5
    17 | D        | Killed a necrophage
    17 | D        | Reached ** piety under Trog
    18 | D        | Reached skill level 9 in Armour
    18 | D        | Reached XP level 6. HP: 37/37 MP: 6/6
    24 | D        | Killed a necrophage
    25 | D        | Reached skill level 10 in Maces & Flails
    25 | D        | Reached skill level 10 in Armour
    45 | D        | Killed Menkaure
   107 | D        | Killed a water moccasin
   215 | D        | Reached *** piety under Trog
   221 | D        | Reached skill level 11 in Armour
   268 | D        | Found Lyejip's Jewellery Shop.
   268 | D        | Found Nidajodgh's Distillery.
   268 | D        | Found Boxtan's General Store.
   268 | D        | Found Epaxic's Gadget Shop.
   268 | D        | Found Ficas's Distillery.
   268 | D        | Found Rousys's Gadget Boutique.
   269 | D        | Found Sergh's Assorted Antiques.
   269 | D        | Found Ivuck's Magic Scroll Shop.
   269 | D        | Found Rydiklufaur's Antique Weapon Boutique.
   270 | D        | Found Fedeffy's Weapon Shop.
   270 | D        | Found Dilumama's Book Boutique.
   272 | D        | Found Uhil's Antique Armour Shop.
   272 | D        | Noticed a water moccasin
   272 | D        | Noticed a fire dragon
   272 | D        | Noticed an oklob plant
   284 | D        | Killed a water moccasin
   285 | D        | Reached XP level 7. HP: 41/41 MP: 7/7
   320 | D        | Found Fevimanolo's Antique Armour Shop.
   320 | D        | Found Isomp's Book Shoppe.
   320 | D        | Found Gahaogg's Jewellery Boutique.
   326 | D        | Noticed a blink frog
   353 | D        | Killed a blink frog
   353 | D        | Reached **** piety under Trog
   354 | D        | Reached skill level 12 in Armour
   435 | D        | Noticed a manticore
   435 | D        | Noticed a manticore
   439 | D        | Bought an encrusted cloak for 266 gold pieces
   445 | D        | Identified the cursed -3 cloak of the Exiled Invaders
                  | {Int+2 SInv} (You bought it in a shop in the Dungeon)
   445 | D        | Quit the game

Illustrated notes

Levels and vault maps discovered:
D:        the_violet_keep_of_menkaure [sprint2_stairs_cluster_1,
          sprint2_shoproom, sprint2_temple, sprint2_basic_supplies,
          sprint2_obstacle_7, sprint2_obstacle_6, sprint2_obstacle_5,
          sprint2_obstacle_2, sprint2_obstacle_1, sprint2_timed_cluster_1,
          sprint2_smallroom_cluster_1, sprint2_smallroom_final_cluster_1,
          sprint2_transparent_cluster_1, sprint2_second_timed_cluster_1,
          sprint2_sniper_area_1, sprint2_heavy_combat_area_1,
          sprint2_mutation_trap_area_1, sprint2_forest_area_1,
          sprint2_light_combat_area_1, sprint2_behind_water_1,
          sprint2_near_end_vault_1]

Skill      XL: |  1  2  3  4  5  6  7 |
---------------+----------------------+-----
Maces & Flails | 6 8 9 11 | 11.3
Armour         | 6 8 9 11 12 | 12.0
Fighting       | 4 |  4.6
Dodging        | 2 |  2.9

Action                   |  1- 3 |  4- 6 |  7- 9 || total
-------------------------+-------+-------+-------++-------
Melee: Mace              |     5 |    41 |    11 ||    57
Invok: Berserk           |     1 |     2 |     1 ||     4
Armor: Animal skin       |     1 |     7 |     2 ||    10
Dodge: Dodged            |     1 |    14 |     5 ||    20

Table legend: (Time is in decaauts)
 A = Elapsed time spent in this place.
 B = Non-inter-level travel time spent in this place.
 C = Inter-level travel time spent in this place.
 D = Time resting spent in this place.
 E = Time spent auto-exploring this place.
 F = Levels seen in this place.
 G = Mean time per level.
                   A        B        C        D        E       F      G
               +--------+--------+--------+--------+--------+-----+--------+
         Total |    474 |    474 |      0 |    337 |      3 |   1 |  474.0 |
       Dungeon |    474 |    474 |      0 |    337 |      3 |   1 |  474.0 |
               +--------+--------+--------+--------+--------+-----+--------+

Top non-repeatable levels by time:
       D: 474 daAuts
